 Dungeon Crawl Stone Soup version 0.23.2 (webtiles) character file.

Game seed: 17320943486071447825

400 Chiseanne the Skirmisher (level 6, -1/48 HPs)
             Began as a Demonspawn Wanderer on Apr 7, 2019.
             Splashed by Ijyb's acid (14 damage)
             ... on level 5 of the Dungeon.
             The game lasted 00:07:35 (4745 turns).

Chiseanne the Skirmisher (Demonspawn Wanderer)      Turns: 4745, Time: 00:07:36

Health: -1/48      AC:  5    Str: 12    XL:     6   Next: 54%
Magic:  16/16      EV: 17    Int: 17    God:
Gold:   307        SH:  4    Dex: 16    Spells: 5/5 levels left

rFire    . . .     SeeInvis .   l - +2 dagger (distort)
rCold    + . .     Gourm    .   A - +0 buckler
rNeg     . . .     Faith    .   B - +0 ring mail
rPois    .         Spirit   .   (no helmet)
rElec    .         Reflect  .   (no cloak)
rCorr    .         Harm     .   (no gloves)
MR       .....                  (no boots)
Stlth    +.........             (no amulet)
HPRegen  0.16/turn              g - ring of magical power
MPRegen  0.15/turn              h - +5 ring of evasion

@: brilliant
A: hooves 2, cold resistance 1, rot immunity
a: no special abilities


You were on level 5 of the Dungeon.
You were very hungry.

You visited 1 branch of the dungeon, and saw 5 of its levels.

You collected 307 gold pieces.

Inventory:

Hand Weapons
 l - a +2 dagger of distortion (weapon)
 m - a +4 rapier
 w - a +3 blowgun
Missiles
 a - a throwing net
 c - 80 stones (quivered)
 e - 18 arrows
 j - 43 bolts
 o - 32 sling bullets
 q - 21 poisoned needles
 s - a tomahawk
Armour
 k - a +0 shield
 A - a +0 buckler (worn)
 B - a +0 ring mail (worn)
Jewellery
 g - a ring of magical power (left hand)
 h - a +5 ring of evasion (right hand)
 p - an uncursed ring of fire
 t - an uncursed amulet of harm {unknown}
 u - an uncursed ring of wizardry {unknown}
Wands
 d - a wand of polymorph (7)
Scrolls
 n - 2 scrolls of remove curse
 x - 2 scrolls of identify
 y - 3 scrolls of blinking
Potions
 b - 3 potions of mutation
 i - 3 potions of lignification
 r - a potion of invisibility
Comestibles
 f - 9 rations


   Skills:
 * Level 4.2 Fighting
   Level 2.6 Long Blades
 * Level 1.3 Armour
 * Level 3.8 Dodging
 * Level 1.3 Shields
   Level 2.0 Summonings
   Level 3.0 Poison Magic
 - Level 2.0 Evocations


You had 5 spell levels left.
You didn't know any spells.
Your spell library contained the following spells:

 Spells                   Type           Power        Failure   Level  Hunger
 Sting                    Conj/Pois      ###.         4%          1    ##.....
 Call Imp                 Summ           ###.....     6%          2    ###....
 Poisonous Vapours        Pois/Air       ###...       7%          2    ###....
 Magic Dart               Conj           ##..         9%          1    ##.....
 Sandblast                Erth           ##....       9%          1    ##.....
 Blink                    Tloc           N/A          13%         2    ###....
 Slow                     Hex            ##......     13%         2    ###....
 Mephitic Cloud           Conj/Pois/Air  ##......     16%         3    ####...
 Conjure Flame            Conj/Fire      ##......     22%         3    ####...
 Stone Arrow              Conj/Erth      ##....       22%         3    ####...
 Olgreb's Toxic Radiance  Pois           ###.....     22%         4    #####..
 Venom Bolt               Conj/Pois      ###.......   67%         5    ######.


Dungeon Overview and Level Annotations

Branches:
Dungeon (5/15)
 Temple: D:4-7

Altars:
Cheibriados
Dithmenos
Nemelex Xobeh
Ru
Vehumet

Annotations:
D:5 Ijyb


Innate Abilities, Weirdness & Mutations

You have hoof-like feet.
Your flesh is cold resistant. (rC+)
You are immune to rotting.


Message History

Ijyb blinks!
The shadow imp misses you.
Ijyb zaps a wand.
The bolt of acid misses you. The shadow imp closely misses you.
You barely miss the shadow imp.
The shadow imp is heavily wounded.
The shadow imp closely misses you.
Your ring mail prevents you from hitting the shadow imp.
The shadow imp is heavily wounded.
The shadow imp gestures at you.
You barely resist.
Your ring mail prevents you from hitting the shadow imp.
The shadow imp is heavily wounded.
The shadow imp closely misses you.
You hit the shadow imp. Your kick misses the shadow imp.
The shadow imp is severely wounded.
The shadow imp blinks!
Ijyb zaps a wand.
The bolt of acid hits you!
* * * LOW HITPOINT WARNING * * *
You are splashed with acid!
You die...

### ##......####..
#.. +.....[## ##.
# #.##+###...##
##.
##.####.##.##...##
#..
#.?.....##.....##
#.# #?...5##..##.#
#.# #........###.#
#.# #?....g### #.#
#.# ##.###@# #.#
#.# # #..# #.# #.#
#.## .. ###.# #.#
##...# #.# #..###
..# #.## .## #.#
.# #.#### #.....


You could see Ijyb and a shadow imp.

Vanquished Creatures
  An ogre (D:4)
  A scorpion (D:4)
  An orc wizard (D:2)
  2 orc priests
  5 adders
  3 gnolls (D:3)
  An adder skeleton (D:4)
  A worm (D:3)
  A dart slug (D:1)
  2 leopard geckos
  5 orcs
  9 bats
  4 giant cockroaches
  8 goblins
  6 hobgoblins
  5 jackals
  7 kobolds
  A quokka (D:3)
  4 frilled lizards
  4 rats
71 creatures vanquished.

Vanquished Creatures (others)
  A crimson imp (D:5)
  A dart slug (D:2)
  A quokka (D:3)
3 creatures vanquished.

Grand Total: 74 creatures vanquished

Notes
Turn   | Place    | Note
-------+----------+-------------------------------------------
     0 | D:1      | Chiseanne the Demonspawn Wanderer began the quest for the
                  | Orb.
     0 | D:1      | Chiseanne set off with the following items: a +0 falchion,
                  | a +0 robe, a ration; and the following spells available to
                  | memorise: Sting, Poisonous Vapours, Sandblast, Mephitic
                  | Cloud, Olgreb's Toxic Radiance, Stone Arrow, Venom Bolt
     0 | D:1      | Reached XP level 1. HP: 13/13 MP: 2/2
   385 | D:1      | Reached skill level 1 in Fighting
   399 | D:1      | Reached skill level 1 in Dodging
   399 | D:1      | Gained mutation: Your flesh is cold resistant. (rC+)
                  | [demonic ancestry]
   399 | D:1      | Reached XP level 2. HP: 16/21 MP: 3/3
  1202 | D:2      | Found a faded altar of an unknown god.
  1233 | D:2      | Gained mutation: You are immune to rotting. [demonic
                  | ancestry]
  1233 | D:2      | Reached XP level 3. HP: 27/27 MP: 4/4
  1294 | D:2      | Found a shadowy altar of Dithmenos.
  1508 | D:2      | Found a snail-covered altar of Cheibriados.
  1508 | D:2      | Found a radiant altar of Vehumet.
  1636 | D:2      | Reached skill level 2 in Fighting
  1866 | D:2      | Gained mutation: You have large cloven feet. [demonic
                  | ancestry]
  1866 | D:2      | Reached XP level 4. HP: 31/34 MP: 5/5
  2422 | D:3      | Reached skill level 3 in Fighting
  2554 | D:3      | Reached XP level 5. HP: 34/41 MP: 6/6
  3047 | D:3      | Found a sacrificial altar of Ru.
  4019 | D:4      | Noticed an ogre
  4029 | D:4      | Killed an ogre
  4029 | D:4      | Reached skill level 4 in Fighting
  4029 | D:4      | Gained mutation: You have hoof-like feet. [demonic
                  | ancestry]
  4029 | D:4      | Reached XP level 6. HP: 5/48 MP: 7/7
  4327 | D:4      | Reached skill level 1 in Armour
  4327 | D:4      | Reached skill level 1 in Shields
  4497 | D:4      | Found a sparkling altar of Nemelex Xobeh.
  4596 | D:5      | Entered Level 5 of the Dungeon
  4727 | D:5      | Noticed Ijyb
  4745 | D:5      | Splashed by Ijyb's acid

Skill      XL: |  1  2  3  4  5  6 |
---------------+-------------------+-----
Fighting       | 1 2 3 4 |  4.2
Dodging        | 1 2 3 |  3.8
Armour         | 1 |  1.3
Shields        | 1 |  1.3
Long Blades    | |  2.6
Summonings     | |  2.0
Poison Magic   | |  3.0
Evocations     | |  2.0

Action                   |  1- 3 |  4- 6 || total
-------------------------+-------+-------++-------
Melee: Falchion          |    59 |       ||    59
       Dagger            |    29 |   162 ||   191
       Kick              |       |    46 ||    46
  Use: Scroll            |     6 |    12 ||    18
       Potion            |       |     3 ||     3
 Stab: Sleeping          |     2 |     1 ||     3
  Eat: Chunk             |     2 |     9 ||    11
Armor: Robe              |    22 |    15 ||    37
       Ring mail         |       |     6 ||     6
Dodge: Dodged            |    58 |   105 ||   163
Block: Buckler           |       |    10 ||    10
       Rpst.: Falchion   |    13 |       ||    13
